 Dungeon Crawl Stone Soup version 0.31-a0-986-g5e6e4ef867 (webtiles) character file.

Game seed: 16260836364465424177

18986 wildpjah the Martial Artist (level 12, -4/92 HPs)
             Began as a Gnoll Shapeshifter on Nov 25, 2023.
             Was an Initiate of Gozag.
             Slain by a catoblepas (15 damage)
             ... while petrified by a catoblepas
             ... on level 11 of the Dungeon.
             The game lasted 00:24:29 (11747 turns).

wildpjah the Martial Artist (Gnoll Shapeshifter)   Turns: 11747, Time: 00:24:29

Health: -4/92      AC:  6    Str: 25    XL:     12   Next: 64%
Magic:  23/23      EV:  2    Int:  3    God:    Gozag
Gold:   1908       SH:  0    Dex: 27    Spells: 20/25 levels left

rFire   . . .        W - +5 battleaxe (freeze)
rCold   . . .        (shield currently unavailable)
rNeg    + + +        L - +2 leather armour "Fuafar" {-Cast Str+3 Int-3 Dex+8}
rPois   ∞            (helmet currently unavailable)
rElec   +            (cloak currently unavailable)
rCorr   .            (gloves currently unavailable)
SInv    .            (boots currently unavailable)
Will    +....        J - amulet of regeneration
Stlth   ++++         v - ring "Neaj" {rElec Will+ Str+8 Int-5 Dex-2}
HPRegen 1.15/turn    T - +6 ring of dexterity
MPRegen 0.18/turn

%: no spellcasting
@: beast-form, petrified
A: beast (slay +4), fangs 1, strong nose, distributed training
a: Begin Untransformation, Renounce Religion, Potion Petition, Call Merchant,
Bribe Branch


You were on level 11 of the Dungeon.
You worshipped Gozag.
Gozag was most pleased with you.
You were a hulking beast.
You visited 2 branches of the dungeon, and saw 12 of its levels.
You also visited: Bailey.

You collected 2494 gold pieces.
You spent 586 gold pieces at shops.

Inventory:

Hand Weapons
 y - a +2 lajatang of electrocution
 D - a +3 quarterstaff of chaos
 K - a +4 great sword of freezing
 M - a +4 long sword
 N - a +0 dagger of draining
 O - a +4 halberd
 Q - a +4 arbalest of flaming
 W - a +5 battleaxe of freezing (weapon)
Missiles
 S - a throwing net
Armour
 a - a +0 animal skin
 p - a +0 pair of boots
 w - a +0 scale mail
 E - a +1 cloak
 L - the +2 leather armour "Fuafar" (worn) {-Cast Str+3 Int-3 Dex+8}
   (You found it on level 7 of the Dungeon)

   Str+3:     It affects your strength (+3).
   Int-3:     It affects your intelligence (-3).
   Dex+8:     It affects your dexterity (+8).
   -Cast:     It prevents spellcasting.
 P - a +0 chain mail
Jewellery
 g - an amulet of reflection
 o - a +6 ring of intelligence
 v - the ring "Neaj" (left hand) {rElec Will+ Str+8 Int-5 Dex-2}
   (You found it in a bailey)

   [ring of willpower]

   Str+8:     It affects your strength (+8).
   Int-5:     It affects your intelligence (-5).
   Dex-2:     It affects your dexterity (-2).
   rElec:     It insulates you from electricity.
   Will+:     It increases your willpower.
 J - an amulet of regeneration (around neck)
 T - a +6 ring of dexterity (right hand)
Talismans
 c - a beast talisman
 d - a flux talisman
 l - a blade talisman
Wands
 x - a wand of flame (15) (quivered)
 I - a wand of digging (6)
 R - a wand of paralysis (12)
Scrolls
 e - a scroll of blinking
 f - 4 scrolls of torment
 i - 4 scrolls of amnesia
 k - 2 scrolls of noise
 q - 2 scrolls of teleportation
 r - a scroll of vulnerability
 s - a scroll of enchant armour
 u - 2 scrolls of fear
 A - a scroll of fog
 G - a scroll of enchant weapon
 U - a scroll of immolation {unknown}
 X - 2 scrolls of identify
Potions
 b - 2 potions of lignification
 h - 4 potions of ambrosia
 j - a potion of resistance
 m - 3 potions of enlightenment {unknown}
 n - 2 potions of curing
 t - 4 potions of brilliance
 z - a potion of might
 B - 2 potions of attraction {unknown}
 C - 2 potions of cancellation {unknown}
 F - 3 potions of haste {unknown}
 H - 3 potions of degeneration {unknown}
 V - 3 potions of heal wounds


   Skills:
 + Level 7.9 Fighting
 + Level 7.4 Short Blades
 + Level 7.4 Long Blades
 + Level 7.4 Axes
 + Level 7.4 Maces & Flails
 + Level 7.4 Polearms
 + Level 7.4 Staves
 + Level 7.4 Ranged Weapons
 + Level 7.4 Throwing
 + Level 7.4 Armour
 + Level 8.8 Dodging
 + Level 7.4 Stealth
 + Level 7.4 Shields
 + Level 10.0 Unarmed Combat
 + Level 7.4 Spellcasting
 + Level 6.2 Conjurations
 + Level 6.2 Hexes
 + Level 6.2 Summonings
 + Level 6.2 Necromancy
 + Level 6.2 Translocations
 + Level 6.2 Transmutations
 + Level 6.2 Fire Magic
 + Level 6.2 Ice Magic
 + Level 6.2 Air Magic
 + Level 6.2 Earth Magic
 + Level 6.2 Poison Magic
 + Level 8.2 Invocations
 + Level 7.4 Evocations
 + Level 9.5 Shapeshifting


You had 20 spell levels left.
You knew the following spells:

 Your Spells              Type           Power      Damage    Failure   Level
a - Slow                  Hex            16%        N/A       2%          1
b - Ensorcelled Hibernat  Hex/Ice        8%         N/A       3%          2
c - Jinxbite              Hex            8%         N/A       3%          2

Your spell library contained the following spells:

 Spells                   Type           Power      Damage    Failure   Level
 Freeze                   Ice            16%        1d4       2%          1
 Summon Small Mammal      Summ           16%        N/A       2%          1
 Passwall                 Tmut/Erth      3%         N/A       3%          2
 Call Canine Familiar     Summ           4%         N/A       8%          3
 Confusing Touch          Hex            4%         N/A       8%          3
 Frozen Ramparts          Ice            8%         1d2       8%          3
 Gell's Gravitas          Tloc           4%         N/A       8%          3
 Hailstorm                Conj/Ice       4%         3d4       8%          3
 Sigil of Binding         Hex            4%         N/A       8%          3
 Summon Guardian Golem    Hex/Summ       4%         N/A       8%          3
 Swiftness                Air            4%         N/A       8%          3
 Teleport Other           Tloc           4%         N/A       8%          3
 Vampiric Draining        Necr           4%         2d6       8%          3
 Volatile Blastmotes      Fire/Tloc      8%         2d10      8%          3
 Anguish                  Hex/Necr       2%         N/A       26%         4
 Fulminant Prism          Conj/Hex       2%         3d5       26%         4
 Iskenderun's Mystic Bla  Conj/Tloc      4%         2d3       26%         4
 Dispersal                Tloc           2%         N/A       98%         6


Dungeon Overview and Level Annotations

Branches:
Dungeon (11/15)            Temple (1/1) D:5            Lair (0/5) D:10
    Orc (0/2) D:10         Bailey (visited)

Altars:
Ashenzari
Cheibriados
Dithmenos
Elyvilon
Fedhas
Gozag
Hepliaklqana
Kikubaaqudgha
Makhleb
Nemelex Xobeh
Okawaru
Qazlal
Ru
Sif Muna
Trog
Uskayaw
Vehumet
Wu Jian
Xom
Yredelemnul
Zin
The Shining One

Shops:
D:4 :   D:7 **   D:9 (   D:10 ?


Innate Abilities, Weirdness & Mutations

You are a hulking beast.
Your limbs bulge with bestial killing power. (Slay +4)
You are immune to poison.
You have very sharp teeth.
Your uncanny sense of smell can sniff out nearby items.
Your experience applies equally to all skills.


Message History

The catoblepas is heavily wounded.
You are engulfed in calcifying dust.
The catoblepas gores you!
The yak snorts and paws the ground.
The catoblepas breathes a plume of calcifying dust at you.
The blast of calcifying dust hits you.
You have turned to stone.
The catoblepas breathes a plume of calcifying dust at you.
The blast of calcifying dust hits you.
You are engulfed in calcifying dust.
The catoblepas gores you!!
You are engulfed in calcifying dust.
The catoblepas gores you!!
You are engulfed in calcifying dust.
The catoblepas gores you but does no damage.
You are engulfed in calcifying dust.
The catoblepas gores you but does no damage.
The catoblepas breathes a plume of calcifying dust at you.
The blast of calcifying dust hits you!
You are engulfed in calcifying dust.
The catoblepas gores you!!
You are engulfed in calcifying dust.
The catoblepas breathes a plume of calcifying dust at you.
The blast of calcifying dust hits you but does no damage.
You turn to flesh and can move again.
You slash the catoblepas! You freeze the catoblepas!
The catoblepas is almost dead.
You are engulfed in calcifying dust.
You are slowing down.
The catoblepas gores you!!
* * * LOW HITPOINT WARNING * * *
You barely miss the catoblepas.
You bite the catoblepas, but do no damage.
The catoblepas is almost dead.
You are engulfed in calcifying dust.
The catoblepas breathes a plume of calcifying dust at you.
The blast of calcifying dust hits you.
* * * LOW HITPOINT WARNING * * *
The catoblepas breathes a plume of calcifying dust at you.
The blast of calcifying dust hits you!
* * * LOW HITPOINT WARNING * * *
You have turned to stone.
The catoblepas gores you!!
You die...
Your body crumbles into a pile of gold.

########. ....... #.
....... #. ....... #.
....... #. Y...... #.
Y...... #.
....$.Y###################.
Y....YYYYYh§§§§.§..........
##.###########..#########..
#..# #.. #..# #.. #..# #..
#. #..# #.. ### #. #..# #..
#....###.# #..# #..
.........###########..# #..


You could see a catoblepas and 5 yaks.

Vanquished Creatures
  A two-headed ogre (D:9)
  2 gargoyles
  A queen bee (D:9)
  2 hornets
  A troll (D:9)
  A yak (D:11)
  2 wyverns
  A basilisk (D:11)
  10 vampire mosquitoes
  A steam dragon (D:9)
  Menkaure (D:7)
  2 acid dragons
  Duvessa (D:6)
  A water moccasin (D:7)
  16 orc warriors
  2 ice beasts
  4 black bears
  2 sky beasts
  An ogre (D:7)
  10 centaurs
  3 phantoms
  A bullfrog (D:7)
  3 scorpions
  20 wights
  Dowan (D:6)
  21 killer bees
  3 centaur zombies (D:8)
  2 howler monkeys (D:9)
  7 orc priests
  3 hounds
  2 jellies
  Crazy Yiuf (D:4)
  A gnoll bouda (D:7)
  A sleepcap (D:7)
  6 iguanas
  Terence (D:3)
  12 orc wizards
  A killer bee zombie (D:8)
  3 howler monkey zombies (D:8)
  3 adders
  9 gnolls
  3 shadow imps
  2 ufetubi (D:5)
  3 worms (D:4)
  2 dart slugs
  75 orcs
  5 ball pythons
  10 bats
  9 endoplasms
  A giant cockroach (D:4)
  7 goblins
  11 hobgoblins
  3 quokkas
  5 frilled lizards
  8 kobolds
  6 rats
  2 butterflies (D:5)
318 creatures vanquished.

Notes
Turn   | Place    | Note
-------+----------+-------------------------------------------
     0 | D:1      | wildpjah the Gnoll Shapeshifter began the quest for the
                  | Orb.
     0 | D:1      | Reached XP level 1. HP: 17/17 MP: 1/1
   220 | D:1      | Reached XP level 2. HP: 19/23 MP: 2/2
   697 | D:1      | Learned a level 1 spell: Slow
   731 | D:1      | Reached XP level 3. HP: 27/28 MP: 3/3
   949 | D:2      | Reached skill level 1 in Invocations
  1060 | D:2      | Reached skill level 1 in Short Blades
  1060 | D:2      | Reached skill level 1 in Long Blades
  1060 | D:2      | Reached skill level 1 in Axes
  1060 | D:2      | Reached skill level 1 in Maces & Flails
  1060 | D:2      | Reached skill level 1 in Polearms
  1060 | D:2      | Reached skill level 1 in Staves
  1060 | D:2      | Reached skill level 1 in Ranged Weapons
  1060 | D:2      | Reached skill level 1 in Throwing
  1060 | D:2      | Reached skill level 1 in Armour
  1060 | D:2      | Reached skill level 1 in Stealth
  1060 | D:2      | Reached skill level 1 in Shields
  1060 | D:2      | Reached skill level 1 in Spellcasting
  1060 | D:2      | Reached skill level 1 in Evocations
  1340 | D:2      | Reached XP level 4. HP: 34/34 MP: 5/5
  1645 | D:2      | Found a faded altar of an unknown god.
  1832 | D:2      | Prayed at the altar of an unknown god.
  1832 | D:2      | Became a worshipper of Gozag Ym Sagoz the Greedy
  1919 | D:3      | Noticed Terence
  1930 | D:3      | Killed Terence
  1931 | D:3      | Reached skill level 1 in Conjurations
  1931 | D:3      | Reached skill level 1 in Hexes
  1931 | D:3      | Reached skill level 1 in Summonings
  1931 | D:3      | Reached skill level 1 in Necromancy
  1931 | D:3      | Reached skill level 1 in Translocations
  1931 | D:3      | Reached skill level 1 in Transmutations
  1931 | D:3      | Reached skill level 1 in Fire Magic
  1931 | D:3      | Reached skill level 1 in Ice Magic
  1931 | D:3      | Reached skill level 1 in Air Magic
  1931 | D:3      | Reached skill level 1 in Earth Magic
  1931 | D:3      | Reached skill level 1 in Poison Magic
  2025 | D:3      | Noticed a phantom
  2031 | D:3      | Killed a phantom
  2032 | D:3      | Reached XP level 5. HP: 36/41 MP: 5/7
  2093 | D:3      | Learned a level 2 spell: Ensorcelled Hibernation
  2772 | D:4      | Found a blossoming altar of Fedhas.
  2808 | D:4      | You fall into a shaft and drop 2 floors!
  2811 | D:6      | Found a broken altar of Ashenzari.
  2857 | D:5      | Entered Level 5 of the Dungeon
  2900 | D:5      | Reached XP level 6. HP: 31/47 MP: 8/8
  3166 | D:5      | Found a staircase to the Ecumenical Temple.
  3173 | D:5      | Reached skill level 5 in Dodging
  3187 | Temple   | Entered the Ecumenical Temple
  3553 | D:4      | Reached XP level 7. HP: 41/52 MP: 10/10
  3634 | D:4      | Found a shadowy altar of Dithmenos.
  3805 | D:4      | Reached skill level 7 in Unarmed Combat
  3908 | D:4      | Found Jinid's Book Shoppe.
  4104 | D:4      | Found a runed translucent door.
  4105 | D:4      | Noticed Crazy Yiuf
  4690 | D:4      | Killed Crazy Yiuf
  5168 | D:6      | Noticed Duvessa
  5168 | D:6      | Noticed Dowan
  5181 | D:6      | Killed Duvessa
  5187 | D:6      | Reached XP level 8. HP: 15/60 MP: 12/12
  5190 | D:6      | HP: 3/60 [Dowan/stone arrow (13)]
  5190 | D:6      | Killed Dowan
  5785 | D:6      | Learned a level 2 spell: Jinxbite
  6245 | D:7      | Found a glowing golden altar of the Shining One.
  6247 | D:7      | Noticed an angel
  6319 | D:7      | Found a basalt altar of Yredelemnul.
  6344 | D:7      | Identified the +2 leather armour "Fuafar" {-Cast Str+3
                  | Int-3 Dex+8}
  6344 | D:7      | Noticed a profane servitor
  6435 | D:7      | Found Zin's Purification Station.
  6437 | D:7      | Found a glowing silver altar of Zin.
  6450 | D:7      | Noticed Menkaure
  6454 | D:7      | Reached XP level 9. HP: 58/66 MP: 14/14
  6455 | D:7      | Killed Menkaure
  6517 | D:7      | Reached skill level 5 in Fighting
  6571 | D:7      | Found Usiesout's Assorted Antiques.
  6596 | D:7      | HP: 3/68 [something (4)]
  6926 | D:7      | Bought a runed arbalest for 172 gold pieces
  7072 | D:7      | Reached skill level 8 in Unarmed Combat
  7082 | D:7      | Reached skill level 5 in Invocations
  7397 | D:8      | Noticed a gargoyle
  7411 | D:8      | Killed a gargoyle
  7412 | D:8      | Reached skill level 5 in Short Blades
  7412 | D:8      | Reached skill level 5 in Long Blades
  7412 | D:8      | Reached skill level 5 in Axes
  7412 | D:8      | Reached skill level 5 in Maces & Flails
  7412 | D:8      | Reached skill level 5 in Polearms
  7412 | D:8      | Reached skill level 5 in Staves
  7412 | D:8      | Reached skill level 5 in Ranged Weapons
  7412 | D:8      | Reached skill level 5 in Throwing
  7412 | D:8      | Reached skill level 5 in Armour
  7412 | D:8      | Reached skill level 5 in Stealth
  7412 | D:8      | Reached skill level 5 in Shields
  7412 | D:8      | Reached skill level 5 in Spellcasting
  7412 | D:8      | Reached skill level 5 in Evocations
  7412 | D:8      | Reached XP level 10. HP: 19/76 MP: 17/17
  7714 | D:8      | Found a radiant altar of Vehumet.
  8788 | D:9      | Noticed a two-headed ogre
  9278 | D:9      | Found Vaclyz's Antique Weapon Emporium.
  9286 | D:9      | Bought a glowing lajatang for 414 gold pieces
  9664 | D:9      | Killed a two-headed ogre
  9665 | D:9      | Reached XP level 11. HP: 57/83 MP: 19/19
  9842 | D:10     | Entered Level 10 of the Dungeon
  9867 | D:10     | Found a flagged portal.
  9885 | Bailey   | Entered a bailey
  9891 | Bailey   | Reached skill level 9 in Unarmed Combat
 10040 | Bailey   | Reached skill level 5 in Conjurations
 10040 | Bailey   | Reached skill level 5 in Hexes
 10040 | Bailey   | Reached skill level 5 in Summonings
 10040 | Bailey   | Reached skill level 5 in Necromancy
 10040 | Bailey   | Reached skill level 5 in Translocations
 10040 | Bailey   | Reached skill level 5 in Transmutations
 10040 | Bailey   | Reached skill level 5 in Fire Magic
 10040 | Bailey   | Reached skill level 5 in Ice Magic
 10040 | Bailey   | Reached skill level 5 in Air Magic
 10040 | Bailey   | Reached skill level 5 in Earth Magic
 10040 | Bailey   | Reached skill level 5 in Poison Magic
 10577 | Bailey   | Reached XP level 12. HP: 92/92 MP: 20/22
 10589 | Bailey   | Identified the ring "Neaj" {rElec Will+ Str+8 Int-5 Dex-2}
 11032 | D:10     | Found a staircase to the Orcish Mines.
 11055 | D:10     | Found Nouti's Magic Scroll Emporium.
 11066 | D:10     | Found a staircase to the Lair.
 11086 | D:10     | Found a hazy altar of Hepliaklqana.
 11650 | D:11     | Reached skill level 10 in Unarmed Combat
 11715 | D:11     | Noticed a catoblepas
 11747 | D:11     | Slain by a catoblepas

Illustrated notes

Levels and vault maps discovered:
D:1:      minmay_arrival_four_circles, layout_loops_cross,
          dreamdust_princess_bridge, minmay_statues_item,
          palyth_stone_intersect, kennysheep_flooded_box, dk_noncrumbling_3
D:2:      layout_loops_ring, shapermc_ecumenical_altar_mp_vishouse,
          serial_forest, infiniplex_forest_lined_2, infiniplex_forest_side_room,
          infiniplex_forest_clump_small, infiniplex_forest_clump_diagonal,
          infiniplex_forest_lined_room_, infiniplex_forest_straight_2,
          infiniplex_forest_clump_small, infiniplex_forest_3_way,
          infiniplex_forest_lined_3
D:3:      layout_basic, uniq_terence
D:4:      layout_loops_corners, nicolae_dithmenos_shadow_blocks,
          pf_just_have_faith, serial_shops, nicolae_shop_advertising_works
          [nicolae_subvault_shop_adworks], feat_on_display,
          uniq_crazy_yiuf_cottage
D:5:      layout_loops_ring, minmay_temple_entry_butterflies
D:6:      layout_gridville, evilmike_ruin_ashenzari, uniq_duvessa
D:7:      minmay_spotlight, layout_basic, grunt_temple_overflow_holy_war,
          zin_purify, serial_shops, shop, uniq_menkaure
D:8:      layout_rooms, general_overflow_altar, serial_undead, serial_undead_f,
          serial_undead_a, serial_undead_b, serial_undead_c
D:9:      layout_roguey, serial_shops, nicolae_shop_crystal, minivault_7
D:10:     layout_rooms, nzn_hepliaklqana_mist_gate, lair_entry_dummy,
          orc_0_dummy, enter_bailey_3, serial_shops, shop,
          minmay_misc_feat_ornament
D:11:     layout_long_grid, minmay_misc_feat_plants
Temple:   nicolae_temple_two_arcs

Skill      XL: |  1  2  3  4  5  6  7  8  9 10 11 12 |
---------------+-------------------------------------+-----
Invocations    | 1 2 3 4 5 6 7 8 |  8.2
Short Blades   | 1 2 3 5 7 |  7.4
Long Blades    | 1 2 3 5 7 |  7.4
Axes           | 1 2 3 5 7 |  7.4
Maces & Flails | 1 2 3 5 7 |  7.4
Polearms       | 1 2 3 5 7 |  7.4
Staves         | 1 2 3 5 7 |  7.4
Ranged Weapons | 1 2 3 5 7 |  7.4
Throwing       | 1 2 3 5 7 |  7.4
Armour         | 1 2 3 5 7 |  7.4
Stealth        | 1 2 3 5 7 |  7.4
Shields        | 1 2 3 5 7 |  7.4
Spellcasting   | 1 2 3 5 7 |  7.4
Evocations     | 1 2 3 5 7 |  7.4
Conjurations   | 1 2 3 4 5 6 |  6.2
Hexes          | 1 2 3 4 5 6 |  6.2
Summonings     | 1 2 3 4 5 6 |  6.2
Necromancy     | 1 2 3 4 5 6 |  6.2
Translocations | 1 2 3 4 5 6 |  6.2
Transmutations | 1 2 3 4 5 6 |  6.2
Fire Magic     | 1 2 3 4 5 6 |  6.2
Ice Magic      | 1 2 3 4 5 6 |  6.2
Air Magic      | 1 2 3 4 5 6 |  6.2
Earth Magic    | 1 2 3 4 5 6 |  6.2
Poison Magic   | 1 2 3 4 5 6 |  6.2
Fighting       | 3 4 5 6 7 |  7.9
Dodging        | 5 6 7 8 |  8.8
Unarmed Combat | 7 8 9 10 | 10.0
Shapeshifting  | 7 8 9 |  9.5

Action                     |  1- 3 |  4- 6 |  7- 9 | 10-12 || total
---------------------------+-------+-------+-------+-------++-------
  Melee: Unarmed           |    81 |   129 |   159 |       ||   369
         Bite              |     4 |    10 |    24 |    19 ||    57
         Punch             |     1 |     4 |     7 |       ||    12
         Great sword       |       |       |    94 |   121 ||   215
         Lajatang          |       |       |       |    40 ||    40
         Battleaxe         |       |       |       |     4 ||     4
   Fire: Arbalest          |       |       |     5 |   175 ||   180
   Cast: Jinxbite          |       |       |     6 |       ||     6
         Ensorcelled Hiber |       |       |     1 |       ||     1
    Use: Potion            |       |       |     1 |     3 ||     4
         Scroll            |       |       |       |    18 ||    18
   Stab: Sleeping          |     5 |       |     1 |     3 ||     9
         Distracted        |       |     1 |     2 |     5 ||     8
 Armour: Animal skin       |    24 |    10 |       |       ||    34
         Scale mail        |       |    40 |    75 |       ||   115
         Leather armour    |       |       |    65 |   154 ||   219
  Dodge: Dodged            |    37 |    75 |   153 |   210 ||   475
  Block: Other             |    13 |    28 |    47 |    53 ||   141
         Reflection        |       |     1 |     2 |       ||     3

Table legend: (Time is in decaauts)
 A = Elapsed time spent in this place.
 B = Non-inter-level travel time spent in this place.
 C = Inter-level travel time spent in this place.
 D = Time resting spent in this place.
 E = Time spent auto-exploring this place.
 F = Levels seen in this place.
 G = Mean time per level.
                   A        B        C        D        E       F      G
               +--------+--------+--------+--------+--------+-----+--------+
         Total |  11928 |  11564 |    364 |    516 |   8984 |  13 |  917.5 |
       Dungeon |  10801 |  10437 |    364 |    350 |   8342 |  11 |  981.9 |
        Temple |    149 |    149 |      0 |    148 |      0 |   1 |  149.0 |
        Bailey |    976 |    976 |      0 |     18 |    641 |   1 |  976.0 |
               +--------+--------+--------+--------+--------+-----+--------+

Top non-repeatable levels by time:
     D:8: 1472 daAuts
     D:4: 1387 daAuts
     D:6: 1380 daAuts
     D:9: 1192 daAuts
     D:2: 1020 daAuts
  Bailey: 976 daAuts
     D:3: 864 daAuts
     D:7: 851 daAuts
     D:1: 817 daAuts
     D:5: 783 daAuts
    D:10: 636 daAuts
    D:11: 396 daAuts
  Temple: 149 daAuts
